 Dungeon Crawl Stone Soup version 0.18-a0-1805-g8ab820f (webtiles) character file.

121 warlockg3 the Covered (level 5, -1/33 HPs)
             Began as a Gargoyle Fighter on Apr 26, 2016.
             Killed by divine providence
             ... invoked by an orc priest
              (13 damage)
             ... on level 3 of the Dungeon.
             The game lasted 00:13:30 (2827 turns).

warlockg3 the Covered (Gargoyle Fighter)            Turns: 2827, Time: 00:13:31

Health: -1/33      AC: 11    Str: 25    XL:     5   Next: 5%
Magic:  5/5        EV:  8    Int: 11    God:
Gold:   72         SH: 10    Dex:  9    Spells: 0 memorised, 4 levels left

rFire  . . .     SeeInvis .     d - +0 whip
rCold  . . .     Gourm    .     a - +0 scale mail
rNeg   + . .     Faith    .     b - +0 shield
rPois  ∞         Spirit   .     (no helmet)
rElec  +         Dismiss  .     (no cloak)
rCorr  .         Reflect  .     (no gloves)
SustAt .         Harm     .     (no boots)
MR     .....                    (no amulet)
Stlth  ..........               o - ring of wizardry
                                e - +2 ring of intelligence

@: mighty, not resistant to hostile enchantments, extremely unstealthy
A: negative energy resistance 1, electricity resistance, unbreathing,
petrification resistance, rot immunity, AC +4
a: no special abilities


You were on level 3 of the Dungeon.
You were not hungry.

You visited 1 branch of the dungeon, and saw 3 of its levels.

You collected 72 gold pieces.

Inventory:

Hand Weapons
 d - a +0 whip (weapon)
Missiles
 s - 41 stones (quivered)
Armour
 a - a +0 scale mail (worn)
 b - a +0 shield (worn)
Jewellery
 e - a +2 ring of intelligence (left hand)
 o - a ring of wizardry (right hand)
Scrolls
 k - 2 scrolls of identify {unknown}
 l - 2 scrolls of teleportation {unknown}
 m - a scroll of fog {unknown}
 p - a scroll of remove curse {unknown}
 q - a scroll of random uselessness {unknown}
 r - a scroll of magic mapping {unknown}
 u - a scroll of immolation {unknown}
Potions
 f - a potion of beneficial mutation {unknown}
 g - a potion of cure mutation {unknown}
 h - a potion of degeneration {unknown}
 i - a potion of heal wounds {unknown}
 j - 2 potions of haste {unknown}
 n - a potion of berserk rage {unknown}
 v - a potion of flight {unknown}
Comestibles
 t - 7 fruits


   Skills:
 + Level 3.7 Fighting
 * Level 1.4 Maces & Flails
 + Level 4.1 Armour
 + Level 1.3 Dodging
 + Level 0.2 Stealth
 + Level 4.1 Shields
 - Level 2.1 Unarmed Combat


You had 4 spell levels left.
You didn't know any spells.

Dungeon Overview and Level Annotations

Branches:
Dungeon (3/15)

Altars:

Annotations:
D:3 F1L1N's ghost, amateur GrFi


Innate Abilities, Weirdness & Mutations

You are resistant to torment.
Your stone body is resilient (AC +4).
You are immune to poison.
You resist negative energy.
You are resistant to electric shocks.
You can survive without breathing.
You are immune to petrification.
You are immune to rotting.


Message History

The orc priest shouts!
An orc priest comes into view. It is wielding a falchion.
There are monsters nearby!
The orc priest shouts!
An orc comes into view. It is wielding a morningstar.
The orc shouts!
The orc priest invokes the aid of Beogh against you.
Beogh smites you!
The orc priest invokes the aid of Beogh against you.
Pain shoots through your body!
A goblin and an orc come into view.
The goblin shouts!
The orc shouts!
The orc priest invokes the aid of Beogh against you.
Pain shoots through your body!
Drink which item? (? for menu, Esc to quit)
You feel very mighty all of a sudden. You block the goblin's attack.
The orc priest invokes the aid of Beogh against you.
Beogh smites you!
You die...

...###........ .
###........... o#
.......<...... #.
#..###........ ##.
##....... # .o
###....... #.#.
###.....÷..)
#..g######...##......
#@......####.....#
#.....### ##....##
#.....# #.....##
#.....# #....##.
#.....## ##.......
#......###........
#......##.........
#<................
#######.###.......


You could see an orc priest, an orc and a goblin.

Vanquished Creatures
  Jessica (D:2)
  2 adders (D:2)
  An ooze (D:1)
  2 worms (D:2)
  A dart slug (D:1)
  A giant gecko (D:2)
  An orc (D:3)
  5 giant cockroaches
  8 goblins
  2 hobgoblins
  10 jackals
  4 ball pythons
  7 bats
  3 giant newts
  9 kobolds
  6 rats
63 creatures vanquished.

Notes
Turn   | Place    | Note
--------------------------------------------------------------
     0 | D:1      | warlockg3 the Gargoyle Fighter began the quest for the Orb.
     0 | D:1      | Reached XP level 1. HP: 14/14 MP: 1/1
   111 | D:1      | Reached XP level 2. HP: 11/19 MP: 2/2
   702 | D:1      | Reached XP level 3. HP: 20/23 MP: 3/3
  1308 | D:2      | Noticed Jessica
  1327 | D:2      | Killed Jessica
  1327 | D:2      | Reached skill level 1 in Maces & Flails
  1327 | D:2      | Reached XP level 4. HP: 9/29 MP: 4/4
  1582 | D:2      | Reached skill level 1 in Dodging
  2422 | D:3      | Reached XP level 5. HP: 14/33 MP: 5/5
  2481 | D:3      | Noticed F1L1N's ghost (amateur GrFi)
  2827 | D:3      | Killed from afar by an orc priest

Vault maps used:
D:1:      dpeg_arrival_renting, serial_forest, infiniplex_forest_clump_curved,
          infiniplex_forest_lined_2, infiniplex_forest_clump_tiny,
          infiniplex_forest_clump_double, infiniplex_forest_lined_ring,
          minmay_misc_feat_square, st_stairs_10
D:2:      uniq_jessica
D:3:      ecumenical_altar_2, due_unseen_surprise

Skill      XL: |  1  2  3  4 |
---------------+-------------+-----
Shields        | 4 |  4.1
Maces & Flails | 1 |  1.4
Dodging        | 1 |  1.3
Armour         | 4 |  4.1
Fighting       | |  3.7
Stealth        | |  0.2
Unarmed Combat | |  2.1

Action                   |  1- 3 |  4- 6 || total
-------------------------+-------+-------++-------
Melee: Unarmed           |   173 |       ||   173
       Whip              |    57 |   209 ||   266
  Use: Potion            |       |     1 ||     1
  Eat: Bread ration      |     1 |       ||     1
       Pizza             |       |     1 ||     1
       Fruit             |       |     1 ||     1
Armor: Scale mail        |   139 |   150 ||   289
Dodge: Dodged            |    88 |    84 ||   172
Block: Shield            |   148 |   145 ||   293
